 Dungeon Crawl Stone Soup version 0.30-a0-169-g06f667207d (webtiles) character file.

Game seed: 12483034543360036495

13492 qw the Cleaver (level 12, -3/76 HPs)
             Began as a Gargoyle Fighter on Sept 29, 2022.
             Was a High Priest of Okawaru.
             Slain by a death knight
             ... wielding a +3 morningstar
              (18 damage)
             ... on level 10 of the Dungeon.
             The game lasted 00:05:04 (13087 turns).

qw the Cleaver (Gargoyle Fighter)                  Turns: 13087, Time: 00:05:05

Health: -3/76      AC: 27    Str: 24    XL:     12   Next: 6%
Magic:  17/18      EV: 10    Int: 10    God:    Okawaru [*****.]
Gold:   548        SH:  7    Dex: 15    Spells: 11/11 levels left

rFire   + . .      SeeInvis .    Y - +3 war axe
rCold   . . .      Faith    .    c - +0 buckler
rNeg    + . .      Spirit   .    s - +0 plate armour
rPois   inf        Reflect  .    (no helmet)
rElec   +          Harm     .    (no cloak)
rCorr   .          Rampage  .    j - +0 pair of gloves
Will    .....                    n - +0 pair of boots
Stlth   ..........               (no amulet)
HPRegen 0.22/turn                a - ring of protection from fire
MPRegen 0.16/turn                k - +6 ring of dexterity

@: heroic
A: sickness immunity, AC +8, negative energy resistance 1, electricity
resistance, torment resistance 1, petrification resistance
a: Renounce Religion, Heroism, Finesse, Duel


You were on level 10 of the Dungeon.
You worshipped Okawaru.
Okawaru was extremely pleased with you.
You visited 2 branches of the dungeon, and saw 11 of its levels.
You also visited: Sewer.

You collected 636 gold pieces.
You spent 88 gold pieces at shops.


Innate Abilities, Weirdness & Mutations

You are immune to sickness and miasma.
Your stone body is resilient. (AC +8)
You are immune to poison.
You resist negative energy. (rN+)
You are resistant to electric shocks. (rElec)
You are resistant to unholy torment.
You are immune to petrification.


   Skills:
 - Level 9.0(14.0) Fighting
 - Level 12.0(17.0) Axes
 - Level 1.0(6.0) Throwing
 - Level 8.0(13.0) Armour
 + Level 2.5(7.5) Dodging
 - Level 5.9(10.9) Shields
 + Level 8.9 Invocations


You had 11 spell levels left.
You didn't know any spells.
Your spell library was empty.

Inventory:

Hand Weapons
 r - a +1 vorpal flail
 Y - a +3 war axe (weapon)
Missiles
 w - 5 boomerangs (quivered)
Armour
 c - a +0 buckler (worn)
 j - a +0 pair of gloves (worn)
 n - a +0 pair of boots (worn)
 s - a +0 plate armour (worn)
 x - +0 acid dragon scales
Jewellery
 a - a ring of protection from fire (left hand)
 k - a +6 ring of dexterity (right hand)
 t - a ring of willpower
 v - a ring of protection from fire
Scrolls
 i - a scroll of identify
Potions
 b - 2 potions of resistance
 d - 6 potions of might
 g - 2 potions of curing
 h - a potion of haste
 l - a potion of cancellation
 m - a potion of attraction
 o - a potion of mutation {unknown}
 p - a potion of lignification {unknown}
 q - a potion of berserk rage {unknown}
 u - a potion of magic

Dungeon Overview and Level Annotations

Branches:
Dungeon (10/15)            Temple (1/1) D:5           Sewer (visited)
   Lair: D:8-11         Orc: D:9-12

Altars:
Ashenzari
Cheibriados
Dithmenos
Elyvilon
Fedhas
Gozag
Hepliaklqana
Kikubaaqudgha
Makhleb
Nemelex Xobeh
Okawaru
Qazlal
Ru
Sif Muna
Trog
Uskayaw
Vehumet
Wu Jian
Xom
Yredelemnul
Zin
The Shining One

Shops:
D:3 *(***   D:5 (

Annotations:
D:8 2 runed translucent doors


Message History

You hit the orc knight. You hit the death knight.
The death knight reflects your damage back at you!
The injured rakshasa weaves a defensive illusion!
The death knight hits you with a +3 morningstar!
The rakshasa completely misses you.
The orc knight hits you with a +2 vorpal falchion!
You slash the rakshasa!
The rakshasa is almost dead.
The death knight blocks your attack.
You closely miss the orc knight.
The death knight hits you but does no damage.
The orc knight hits you with a +2 vorpal falchion!
13084 ||| DRINKING potion of heal wounds.
You feel much better.
The rakshasa blinks! x2; The death knight barely misses you.
You block the rakshasa's attack. You block the orc knight's attack.
The orc knight closely misses you.
You slice the rakshasa!!
You kill the rakshasa!
The rakshasa shimmers and vanishes!
You hit the orc knight but do no damage.
You barely miss the orc knight. You hit the death knight.
You slash the orc knight!
The death knight reflects your damage back at you!
You slash the orc knight!
The orc knight is severely wounded.
You slash the death knight! You slash the orc knight!
You closely miss the orc knight.
The death knight reflects your damage back at you!
The rakshasa blinks!
The death knight hits you with a +3 morningstar!
You block the orc knight's attack.
The orc knight hits you but does no damage. x2
You hit the orc knight but do no damage.
The orc knight is severely wounded.
You barely miss the orc knight. The death knight blocks your attack.
You hit the orc knight but do no damage.
You closely miss the orc knight.
The death knight's dark mirror aura disappears.
The death knight hits you with a +3 morningstar!!
You die...

#..# .......... #..#
......... ##.. .........
#.. ......>.. #..
.........# ##### ##.
.........# ####[..#### #.
.......p.###..[......###.
......Ro@o..¤.)###.......
.......oo..##### #...##..
......¤....# #..#####
......)....# #..# #
........R..# #..#
...).......# #..#
...........# ####
.....^.....###
.............# ~~~


You could see a death knight, 4 orc knights and 2 rakshasas.

Vanquished Creatures
  A centaur warrior (D:10)
  A deep elf pyromancer (D:10)
  A cyclops (D:9)
  An unseen horror (D:10)
  4 trolls (D:10)
  A slime creature (D:10)
  32 yaks
  A wyvern (D:10)
  Grum (D:8)
  4 steam dragons
  4 vampire mosquitoes (D:10)
  Edmund (D:5)
  3 water moccasins
  2 acid dragons
  4 orc warriors
  An ice beast (D:8)
  3 sky beasts (D:8)
  4 wolves (D:8)
  3 centaurs
  5 ogres
  2 phantoms (D:4)
  6 kobold brigands
  3 bullfrogs
  3 scorpions
  6 wights
  3 electric eels (D:10)
  6 howler monkeys
  4 orc priests
  A gnoll bouda (D:8)
  4 jellies
  4 hounds
  4 iguanas
  2 orc wizards
  8 gnolls
  A river rat (Sewer)
  14 adders
  4 shadow imps (D:7)
  A white imp (D:5)
  3 worms
  5 dart slugs
  46 orcs
  11 endoplasms
  4 giant cockroaches
  7 goblins
  9 hobgoblins
  6 jackals
  31 kobolds
  5 quokkas
  13 ball pythons
  9 bats
  3 frilled lizards
  10 rats
315 creatures vanquished.

Vanquished Creatures (others)
  A jackal (D:1)
1 creature vanquished.

Grand Total: 316 creatures vanquished

Notes
Turn   | Place    | Note
-------+----------+-------------------------------------------
     0 | D:1      | qw the Gargoyle Fighter began the quest for the Orb.
     0 | D:1      | Reached XP level 1. HP: 14/14 MP: 1/1
     0 | D:1      | 0 ||| qw: Version: 0.2-a-12-gaebbb33
     0 | D:1      | 0 ||| qw: Game counter: 1308
     0 | D:1      | 0 ||| qw: Always use a shield: true
     0 | D:1      | 0 ||| qw: God list: Okawaru
     0 | D:1      | 0 ||| qw: Allow faded altars: false
     0 | D:1      | 0 ||| qw: Do Orc after D:15 true
     0 | D:1      | 0 ||| qw: Do second Lair branch before Depths: true
     0 | D:1      | 0 ||| qw: Lair rune preference: random
     0 | D:1      | 0 ||| qw: Plans: Normal, Zot:1-4, God:TSO, Crypt, Tomb,
                  | Pan, Slime:5, Hells, Abyss, Orb
     0 | D:1      | 0 ||| PLANNING D:1-11
    29 | D:1      | 29 ||| Stepping ~*~*~tactically~*~*~ (stealth).
    33 | D:1      | Reached skill level 2 in Axes
    54 | D:1      | 54 ||| Stepping ~*~*~tactically~*~*~ (stealth).
   154 | D:1      | Found a faded altar of an unknown god.
   159 | D:1      | Reached XP level 2. HP: 15/19 MP: 2/2
   276 | D:1      | Reached skill level 3 in Axes
   416 | D:1      | Reached XP level 3. HP: 23/23 MP: 3/3
   683 | D:1      | Reached skill level 1 in Throwing
   743 | D:1      | 743 ||| DROPPING +0 club.
   891 | D:1      | 891 ||| READING scroll labelled HEISITHOKYSK.
   892 | D:1      | 892 ||| DRINKING 2 puce potions.
   960 | D:2      | Reached XP level 4. HP: 26/28 MP: 4/4
  1316 | D:2      | 1316 ||| DROPPING +0 whip.
  1427 | D:2      | 1427 ||| Stepping ~*~*~tactically~*~*~ (stealth).
  1429 | D:2      | 1429 ||| Stepping ~*~*~tactically~*~*~ (stealth).
  1435 | D:2      | Reached skill level 4 in Axes
  1543 | D:2      | 1543 ||| UPGRADING to ring of protection from fire.
  1544 | D:2      | 1544 ||| READING scroll labelled NOOG KIUSMERUO.
  1591 | D:2      | 1591 ||| READING scroll labelled NEHOPT NOISOUR.
  1592 | D:2      | 1592 ||| READING scroll labelled UTHERA HUGEO.
  1597 | D:2      | 1597 ||| READING scroll labelled SICUUS CAMUUN.
  1615 | D:3      | 1615 ||| PLANNING SEWER
  1662 | D:3      | 1662 ||| Stepping ~*~*~tactically~*~*~ (stealth).
  1724 | D:3      | Reached XP level 5. HP: 32/32 MP: 5/5
  1803 | D:3      | 1803 ||| Stepping ~*~*~tactically~*~*~ (stealth).
  1804 | D:3      | 1804 ||| Stepping ~*~*~tactically~*~*~ (stealth).
  1807 | D:3      | 1807 ||| FLEEEEING.
  1808 | D:3      | 1808 ||| FLEEEEING.
  1809 | D:3      | 1809 ||| FLEEEEING.
  1810 | D:3      | 1810 ||| FLEEEEING.
  1811 | D:3      | 1811 ||| FLEEEEING.
  1879 | D:3      | Found Neluet's General Store.
  1896 | D:3      | 1896 ||| DRINKING 3 potions of curing.
  1896 | D:3      | 1896 ||| (to cure confusion)
  1899 | D:3      | 1899 ||| DRINKING 2 potions of curing.
  1899 | D:3      | 1899 ||| (to cure confusion)
  1902 | D:3      | Reached skill level 5 in Axes
  1926 | D:3      | 1926 ||| SHOPLISTING 2 potions of cancellation (176 gold,
                  | have 102).
  1926 | D:3      | 1926 ||| SHOPLISTING amulet of the acrobat (330 gold, have
                  | 102).
  1926 | D:3      | 1926 ||| BUYING potion of cancellation (88 gold).
  1926 | D:3      | Bought a potion of cancellation for 88 gold pieces
  1926 | D:3      | 1926 ||| SHOPLISTING potion of curing (33 gold, have 14).
  1978 | D:3      | Found Hatuiq's Antique Weapon Boutique.
  1987 | D:3      | 1987 ||| SHOPLISTING runed hand axe (114 gold, have 14).
  1991 | D:3      | 1991 ||| Stepping ~*~*~tactically~*~*~ (hiding).
  2018 | D:3      | 2018 ||| Stepping ~*~*~tactically~*~*~ (hiding).
  2025 | D:3      | Reached XP level 6. HP: 36/38 MP: 6/6
  2137 | D:3      | Found Hiamythrelon's Assorted Antiques.
  2168 | D:3      | Found Xaatinyi's Assorted Antiques.
  2174 | D:3      | 2174 ||| SHOPLISTING inky potion (16 gold, have 14).
  2174 | D:3      | 2174 ||| SHOPLISTING scroll labelled EKUSIU DIPHOA (18
                  | gold, have 14).
  2174 | D:3      | 2174 ||| SHOPLISTING scroll labelled KAIPIH BANOZUE (18
                  | gold, have 14).
  2174 | D:3      | 2174 ||| SHOPLISTING small silver ring (90 gold, have 14).
  2177 | D:3      | Found a glowing drain.
  2187 | D:3      | 2187 ||| UPGRADING to +0 chain mail.
  2197 | D:3      | 2197 ||| DROPPING +0 scale mail.
  2198 | D:3      | 2198 ||| UPGRADING to +0 pair of gloves.
  2203 | D:3      | 2203 ||| READING scroll labelled KAIPIH BANOZUE.
  2204 | D:3      | 2204 ||| DRINKING 3 ruby potions.
  2226 | Sewer    | Entered a sewer
  2239 | Sewer    | 2239 ||| Stepping ~*~*~tactically~*~*~ (stealth).
  2599 | Sewer    | 2599 ||| Stepping ~*~*~tactically~*~*~ (stealth).
  2600 | Sewer    | 2600 ||| Stepping ~*~*~tactically~*~*~ (stealth).
  2775 | Sewer    | 2775 ||| Stepping ~*~*~tactically~*~*~ (stealth).
  2786 | Sewer    | Reached skill level 6 in Axes
  2786 | Sewer    | Reached XP level 7. HP: 28/43 MP: 7/7
  2906 | Sewer    | 2906 ||| READING scroll labelled EKUSIU DIPHOA.
  2907 | Sewer    | 2907 ||| DRINKING 2 fizzy cyan potions.
  2908 | Sewer    | 2908 ||| DRINKING 2 fizzy sapphire potions.
  2909 | Sewer    | 2909 ||| DROPPING potion of magic.
  2940 | D:3      | 2940 ||| PLANNING D:1-11
  2966 | D:3      | 2966 ||| SHOPLISTING brown potion (29 gold, have 19).
  2966 | D:3      | 2966 ||| SHOPLISTING potion of curing (99 gold, have 19).
  3197 | D:3      | Found Qurigon's Assorted Antiques.
  3204 | D:3      | 3204 ||| SHOPLISTING +2 cloak of the Thief {*Fog Slay-2
                  | SInv Stlth+} (482 gold, have 19).
  3204 | D:3      | 3204 ||| SHOPLISTING pair of polished boots (228 gold, have
                  | 19).
  3204 | D:3      | 3204 ||| SHOPLISTING pink potion (21 gold, have 19).
  3204 | D:3      | 3204 ||| SHOPLISTING scroll labelled TINOPIF JIELAL (24
                  | gold, have 19).
  3204 | D:3      | 3204 ||| SHOPLISTING twisted plate armour (672 gold, have
                  | 19).
  3422 | D:4      | 3422 ||| Stepping ~*~*~tactically~*~*~ (stealth).
  3583 | D:4      | Reached skill level 1 in Dodging
  3633 | D:4      | 3633 ||| Stepping ~*~*~tactically~*~*~ (hiding).
  3894 | D:4      | Reached skill level 7 in Axes
  4513 | D:4      | 4513 ||| UPGRADING to +0 pair of boots.
  4518 | D:4      | 4518 ||| UPGRADING to +3 chain mail.
  4528 | D:4      | 4528 ||| DROPPING +0 chain mail.
  4571 | D:5      | Entered Level 5 of the Dungeon
  4585 | D:5      | Reached XP level 8. HP: 49/49 MP: 8/8
  4596 | D:5      | Found a staircase to the Ecumenical Temple.
  4597 | D:5      | 4597 ||| PLANNING TEMPLE
  4597 | D:5      | 4597 ||| Stepping ~*~*~tactically~*~*~ (stealth).
  4613 | Temple   | Entered the Ecumenical Temple
  4771 | Temple   | 4771 ||| PLANNING OKAWARU WORSHIP
  4784 | Temple   | Became a worshipper of Warmaster Okawaru
  4785 | Temple   | 4785 ||| PLANNING D:1-11
  4842 | D:5      | 4842 ||| Stepping ~*~*~tactically~*~*~ (stealth).
  4850 | D:5      | 4850 ||| Stepping ~*~*~tactically~*~*~ (stealth).
  4915 | D:5      | Reached skill level 8 in Axes
  5173 | D:5      | Found Leriad's Antique Weapon Emporium.
  5178 | D:5      | Noticed Edmund
  5195 | D:5      | Killed Edmund
  5196 | D:5      | Reached skill level 6 in Fighting
  5302 | D:5      | 5302 ||| DROPPING +0 flail.
  5305 | D:5      | 5305 ||| SHOPLISTING runed morningstar (133 gold, have
                  | 131).
  5324 | D:5      | HP: 10/51 [ogre/+0 giant club (25)]
  5325 | D:5      | 5325 ||| READING 3 scrolls of teleportation.
  5326 | D:5      | 5326 ||| DRINKING 3 potions of heal wounds.
  5329 | D:5      | Reached * piety under Okawaru
  5640 | D:5      | 5640 ||| UPGRADING to +6 ring of dexterity.
  5641 | D:5      | 5641 ||| DRINKING 2 sapphire potions.
  5642 | D:5      | 5642 ||| DROPPING potion of brilliance.
  5701 | D:6      | 5701 ||| INVOKING Heroism.
  5709 | D:6      | 5709 ||| Stepping ~*~*~tactically~*~*~ (stealth).
  5710 | D:6      | 5710 ||| Stepping ~*~*~tactically~*~*~ (stealth).
  5724 | D:6      | 5724 ||| INVOKING Heroism.
  5728 | D:6      | Reached XP level 9. HP: 49/55 MP: 6/9
  5736 | D:6      | 5736 ||| INVOKING Heroism.
  5739 | D:6      | Reached skill level 1 in Invocations
  5936 | D:6      | 5936 ||| INVOKING Heroism.
  6120 | D:6      | 6120 ||| INVOKING Heroism.
  6149 | D:6      | 6149 ||| INVOKING Heroism.
  6159 | D:6      | Reached skill level 9 in Axes
  6167 | D:6      | Reached skill level 3 in Invocations
  6401 | D:6      | 6401 ||| INVOKING Heroism.
  6787 | D:6      | 6787 ||| Stepping ~*~*~tactically~*~*~ (stealth).
  6935 | D:6      | 6935 ||| UPGRADING to +0 plate armour.
  6945 | D:6      | 6945 ||| DROPPING +3 chain mail.
  6946 | D:6      | 6946 ||| READING scroll labelled TEGIFI SIOB.
  7047 | D:6      | 7047 ||| READING scroll labelled GERRUHEXUOKH.
  7048 | D:6      | 7048 ||| READING 2 scrolls of identify.
  7048 | D:6      | 7048 ||| IDENTIFYING fuming golden potion
  7133 | D:7      | 7133 ||| INVOKING Heroism.
  7219 | D:7      | Reached ** piety under Okawaru
  7228 | D:7      | 7228 ||| INVOKING Heroism.
  7231 | D:7      | Reached skill level 6 in Armour
  7420 | D:7      | 7420 ||| INVOKING Heroism.
  7498 | D:7      | 7498 ||| INVOKING Heroism.
  7514 | D:7      | Reached XP level 10. HP: 63/63 MP: 11/13
  7542 | D:7      | 7542 ||| INVOKING Heroism.
  7776 | D:7      | 7776 ||| Stepping ~*~*~tactically~*~*~ (hiding).
  7841 | D:7      | 7841 ||| Stepping ~*~*~tactically~*~*~ (stealth).
  7871 | D:7      | 7871 ||| INVOKING Heroism.
  7874 | D:7      | Reached skill level 10 in Axes
  8080 | D:7      | 8080 ||| READING 2 scrolls labelled UDGHAP JORPH.
  8081 | D:7      | 8081 ||| DROPPING scroll of magic mapping.
  8145 | D:8      | 8145 ||| DROPPING +2 vorpal mace.
  8158 | D:8      | 8158 ||| READING scroll of enchant weapon.
  8158 | D:8      | 8158 ||| ENCHANTING +1 war axe.
  8301 | D:8      | 8301 ||| INVOKING Heroism.
  8389 | D:8      | 8389 ||| READING scroll of enchant weapon.
  8389 | D:8      | 8389 ||| ENCHANTING +2 war axe.
  8660 | D:8      | Noticed Grum
  8661 | D:8      | 8661 ||| Stepping ~*~*~tactically~*~*~ (stealth).
  8663 | D:8      | 8663 ||| INVOKING Heroism.
  8664 | D:8      | 8664 ||| Stepping ~*~*~tactically~*~*~ (hiding).
  8688 | D:8      | 8688 ||| INVOKING Heroism.
  8690 | D:8      | Killed Grum
  8698 | D:8      | HP: 12/64 [wight/+0 great sword (10)]
  8699 | D:8      | 8699 ||| READING 2 scrolls of teleportation.
  8700 | D:8      | 8700 ||| DRINKING 3 potions of heal wounds.
  8702 | D:8      | Reached *** piety under Okawaru
  8702 | D:8      | Found a shimmering altar of Xom.
  8898 | D:8      | Found a large runed translucent door.
  8898 | D:8      | Found a large runed translucent door.
  8901 | D:8      | Found a shadowy altar of Dithmenos.
  8916 | D:8      | 8916 ||| READING scroll of teleportation.
  9169 | D:8      | 9169 ||| Stepping ~*~*~tactically~*~*~ (stealth).
  9170 | D:8      | 9170 ||| INVOKING Heroism.
  9274 | D:8      | 9274 ||| Stepping ~*~*~tactically~*~*~ (stealth).
  9283 | D:8      | 9283 ||| INVOKING Heroism.
  9658 | D:8      | 9658 ||| READING scroll labelled GUCOCW PYFOZU.
  9714 | D:9      | 9714 ||| INVOKING Heroism.
  9751 | D:9      | 9751 ||| INVOKING Heroism.
  9753 | D:9      | Reached skill level 11 in Axes
  9920 | D:9      | 9920 ||| INVOKING Heroism.
  9945 | D:9      | 9945 ||| Stepping ~*~*~tactically~*~*~ (stealth).
  9955 | D:9      | 9955 ||| INVOKING Heroism.
 10063 | D:9      | Noticed a cyclops
 10064 | D:9      | 10064 ||| INVOKING Heroism.
 10074 | D:9      | Killed a cyclops
 10074 | D:9      | Reached **** piety under Okawaru
 10075 | D:9      | Reached skill level 9 in Fighting
 10075 | D:9      | Reached XP level 11. HP: 62/71 MP: 12/14
 10182 | D:9      | 10182 ||| Stepping ~*~*~tactically~*~*~ (stealth).
 10235 | D:9      | 10235 ||| INVOKING Heroism.
 10602 | D:9      | 10602 ||| Stepping ~*~*~tactically~*~*~ (stealth).
 10604 | D:9      | 10604 ||| Stepping ~*~*~tactically~*~*~ (hiding).
 10611 | D:9      | 10611 ||| INVOKING Heroism.
 10759 | D:9      | 10759 ||| Stepping ~*~*~tactically~*~*~ (stealth).
 10761 | D:9      | 10761 ||| INVOKING Heroism.
 10782 | D:9      | Reached skill level 6 in Invocations
 10922 | D:9      | 10922 ||| FLEEEEING.
 10923 | D:9      | 10923 ||| FLEEEEING.
 10928 | D:9      | 10928 ||| FLEEEEING.
 10931 | D:9      | 10931 ||| FLEEEEING.
 10932 | D:9      | 10932 ||| STAIRDANCE
 11028 | D:9      | 11028 ||| STAIRDANCE
 11065 | D:9      | 11065 ||| STAIRDANCE
 11131 | D:9      | 11131 ||| STAIRDANCE
 11306 | D:9      | 11306 ||| STAIRDANCE
 11308 | D:8      | 11308 ||| INVOKING Heroism.
 11566 | D:9      | 11566 ||| READING scroll labelled CIXTISK IWKOKH.
 11567 | D:9      | 11567 ||| READING 2 scrolls of identify.
 11567 | D:9      | 11567 ||| IDENTIFYING inky potion
 11633 | D:10     | Entered Level 10 of the Dungeon
 11636 | D:10     | 11636 ||| INVOKING Heroism.
 11659 | D:10     | Reached ***** piety under Okawaru
 11766 | D:10     | Noticed a centaur warrior
 11771 | D:10     | 11771 ||| INVOKING Heroism.
 11784 | D:10     | Killed a centaur warrior
 11968 | D:10     | Noticed a deep elf pyromancer
 11969 | D:10     | 11969 ||| Stepping ~*~*~tactically~*~*~ (hiding).
 11970 | D:10     | 11970 ||| INVOKING Heroism.
 11988 | D:10     | 11988 ||| Stepping ~*~*~tactically~*~*~ (hiding).
 11990 | D:10     | 11990 ||| Stepping ~*~*~tactically~*~*~ (hiding).
 11994 | D:10     | 11994 ||| Stepping ~*~*~tactically~*~*~ (hiding).
 12004 | D:10     | Killed a deep elf pyromancer
 12019 | D:10     | 12019 ||| Stepping ~*~*~tactically~*~*~ (stealth).
 12109 | D:10     | 12109 ||| INVOKING Heroism.
 12119 | D:10     | Reached skill level 12 in Axes
 12492 | D:10     | 12492 ||| INVOKING Heroism.
 12530 | D:10     | 12530 ||| INVOKING Heroism.
 12672 | D:10     | 12672 ||| Stepping ~*~*~tactically~*~*~ (stealth).
 12673 | D:10     | 12673 ||| INVOKING Heroism.
 12769 | D:10     | 12769 ||| Stepping ~*~*~tactically~*~*~ (stealth).
 12770 | D:10     | 12770 ||| Stepping ~*~*~tactically~*~*~ (stealth).
 12773 | D:10     | 12773 ||| INVOKING Heroism.
 12776 | D:10     | Noticed a rakshasa
 12782 | D:10     | Noticed an orc knight
 12785 | D:10     | Reached XP level 12. HP: 62/76 MP: 16/18
 12794 | D:10     | HP: 19/76 [slime creature (13)]
 12795 | D:10     | 12795 ||| READING scroll of teleportation.
 12796 | D:10     | 12796 ||| DRINKING 2 potions of heal wounds.
 12894 | D:10     | 12894 ||| FLEEEEING.
 12895 | D:10     | 12895 ||| FLEEEEING.
 12896 | D:10     | 12896 ||| FLEEEEING.
 12897 | D:10     | 12897 ||| FLEEEEING.
 12898 | D:10     | 12898 ||| STAIRDANCE
 13073 | D:10     | Noticed a death knight
 13075 | D:10     | 13075 ||| INVOKING Heroism.
 13083 | D:10     | HP: 17/76 [orc knight (illusionary)/+2 vorpal falchion
                  | (14)]
 13084 | D:10     | 13084 ||| DRINKING potion of heal wounds.
 13087 | D:10     | Slain by a death knight

Levels and vault maps discovered:
D:1:      saegor_arrival_simple_b, layout_basic,
          ebering_ecumenical_altar_abandoned, hangedman_decor_lopped
D:2:      layout_basic
D:3:      layout_loops_corners, cheibrodos_sewer_entry_drain, serial_shops,
          shop_statue, nicolae_shop_overgrown_old_shop, shop,
          nicolae_shop_temple_entry_statues_fountains, shop,
          columned_hall_lemuel
D:4:      minmay_angry_zag, layout_gridville, minmay_misc_feat_columns
D:5:      layout_basic, minmay_temple_entry_mini_moons, serial_shops, shop,
          st_stairs_10, uniq_edmund
D:6:      layout_layer_cave, minmay_crystal_room, nrook_pool_corridor
D:7:      layout_rooms, solitary_fountain, hangedman_abyss_or_decor_stabs,
          st_stairs_10, grunt_ministairs_4
D:8:      layout_basic, jmf_multi_god_temple2, dreamdust_mushroom_princess,
          st_stairs_2, uniq_grum
D:9:      layout_roguey, kennysheep_generic_room_5
D:10:     kennysheep_big_flooded_room, layout_long_grid, serial_shops,
          nicolae_lakefront_shop, minmay_pinched_square
Temple:   nicolae_temple_slightly_damp_pantheon

Skill      XL: |  1  2  3  4  5  6  7  8  9 10 11 |
---------------+----------------------------------+-----
Axes           | 2 3 4 5 6 7 8 9 11 12 | 12.0
Throwing       | 1 |  1.0
Fighting       | 4 5 6 7 9 |  9.0
Dodging        | 1 2 |  2.5
Armour         | 4 6 7 8 |  8.0
Invocations    | 4 8 |  8.9
Shields        | 4 5 |  5.9

Action                   |  1- 3 |  4- 6 |  7- 9 | 10-12 || total
-------------------------+-------+-------+-------+-------++-------
Melee: War axe           |    74 |   204 |   351 |   510 ||  1139
Throw: Javelin           |    11 |     2 |       |       ||    13
       Boomerang         |       |       |       |    21 ||    21
Invok: Heroism           |       |       |    11 |    25 ||    36
  Use: Scroll            |     1 |     5 |     5 |     9 ||    20
       Potion            |     1 |     3 |     4 |     3 ||    11
Armor: Scale mail        |    49 |    57 |       |       ||   106
       Chain mail        |       |    40 |   155 |       ||   195
       Plate armour      |       |       |    22 |   273 ||   295
Dodge: Dodged            |    41 |    80 |    99 |   154 ||   374
Block: Buckler           |    18 |    31 |    77 |   126 ||   252

Table legend:
 A = Non-vault XP
 B = Vault XP
 C = Vault XP percentage of total XP
 D = Non-vault monster count
 E = Vault monster count
 F = Vault count percentage of total count
                 A         B        C        D         E       F
            +---------+---------+-------+---------+---------+-------
      Total |   14359 |    4916 |  25.5 |     255 |      61 |  19.3
            +---------+---------+-------+---------+---------+-------
        D:1 |      60 |       0 |   0.0 |      32 |       0 |   0.0
        D:2 |      66 |       0 |   0.0 |      17 |       0 |   0.0
        D:3 |     261 |       4 |   1.5 |      36 |       2 |   5.3
        D:4 |     431 |     122 |  22.1 |      18 |       8 |  30.8
        D:5 |     614 |     316 |  34.0 |      23 |       5 |  17.9
        D:6 |    1353 |       0 |   0.0 |      23 |       0 |   0.0
        D:7 |    1681 |      36 |   2.1 |      22 |       4 |  15.4
        D:8 |    1125 |    1054 |  48.4 |      24 |      10 |  29.4
        D:9 |    5371 |     159 |   2.9 |      40 |       1 |   2.4
       D:10 |    3397 |    2974 |  46.7 |      20 |       9 |  31.0
      Sewer |       0 |     251 | 100.0 |       0 |      22 | 100.0
            +---------+---------+-------+---------+---------+-------
